SAAA
TREMONT DOUBLEDAYS @ ELLENBURG FIGHTING DACHSUNDS
06/25/2022
 
TOP OF THE 1ST
Tremont Doubledays batting - Pitching for Ellenburg Fighting Dachsunds : RHP Carlos Ortíz
Pitching: RHP Carlos Ortíz
Batting: RHB Thomas Campbell 0-0: Foul Ball, location: 2F
0-1: Ball
1-1: Swinging Strike
1-2: Ball
2-2: Ball
3-2: Base on Balls
Batting: RHB Manuel Martínez 0-0: Ball
1-0: Foul Ball, location: 2F
1-1: Ball
2-1: Ball
Wild Pitch!
Thomas Campbell to second
3-1: Base on Balls
Batting: LHB Eric Ward 0-0: Ball
1-0: Ball
2-0: Ball
3-0: Base on Balls
Thomas Campbell to third
Manuel Martínez to second
Batting: RHB Cory Hansen 0-0: Called Strike
0-1: Ball
1-1: Ball
2-1: Grounds into double play, 6-4-3 (Groundball, 56)
Thomas Campbell scores
Manuel Martínez to third
Batting: RHB Quincy van Enk 0-0: DOUBLE (Line Drive, 7LS)
Manuel Martínez scores
Batting: LHB Scott Britt 0-0: Called Strike
0-1: Called Strike
0-2: Foul Ball, location: 2F
0-2: Ball
1-2: Strikes out swinging
Top of the 1st over - 2 run(s), 1 hit(s), 0 error(s), 1 left on base; Tremont 2 - Ellenburg 0
BOTTOM OF THE 1ST
Ellenburg Fighting Dachsunds batting - Pitching for Tremont Doubledays : LHP Jim Unknown
Pitching: LHP Jim Unknown
Batting: LHB Iván Gonzáles 0-0: Ball
1-0: Ball
2-0: Ball
3-0: Base on Balls
Batting: RHB Gerald Ambler Pickoff Throw to First - Out!
0-0: Ball
1-0: Called Strike
1-1: Foul Ball, location: 2F
1-2: Ball
2-2: Ball
3-2: Ground out 5-3 (Groundball, 5)
Batting: RHB Pablo Trujillo 0-0: Ball
1-0: Ball
2-0: Foul Ball, location: 2F
2-1: Swinging Strike
2-2: Ball
3-2: Ground out 5-3 (Groundball, 5)
Bottom of the 1st over - 0 run(s), 0 hit(s), 0 error(s), 0 left on base; Tremont 2 - Ellenburg 0
TOP OF THE 2ND
Tremont Doubledays batting - Pitching for Ellenburg Fighting Dachsunds : RHP Carlos Ortíz
Batting: RHB Jim Unknown 0-0: Ball
1-0: Ball
2-0: Reached on error, E5 (Groundball, 5)
Batting: RHB Jim Unknown 0-0: Ball
1-0: SINGLE (Flyball, 8RS)
Jim Unknown to second
Batting: LHB Jim Unknown 0-0: Ball
1-0: Ball
2-0: Called Strike
2-1: Grounds into double play, 1-6-3 (Groundball, 13)
Jim Unknown to third
Batting: RHB Thomas Campbell 0-0: Ball
1-0: Ball
2-0: Ground out 6-3 (Groundball, 6)
Top of the 2nd over - 0 run(s), 1 hit(s), 1 error(s), 1 left on base; Tremont 2 - Ellenburg 0
BOTTOM OF THE 2ND
Ellenburg Fighting Dachsunds batting - Pitching for Tremont Doubledays : LHP Jim Unknown
Batting: SHB Virgil Eberle 0-0: Foul Ball, location: 2F
0-1: Ball
1-1: SINGLE (Line Drive, 34)
Batting: RHB Sherman Davis 0-0: Ball
1-0: Called Strike
1-1: Ground out 5-3 (Groundball, 5S)
Virgil Eberle to second
Batting: RHB Travis Lee 0-0: Foul Ball, location: 2F
0-1: Ball
1-1: Called Strike
1-2: Foul Ball, location: 2F
1-2: Ball
2-2: Ball
3-2: Foul Ball, location: 2F
3-2: Base on Balls
Batting: RHB Victor Haley 0-0: Called Strike
0-1: Ball
1-1: Foul Ball, location: 2F
Single, Error in OF, E7, batter to second base
Virgil Eberle scores
Travis Lee to third
Batting: RHB Brad Brown 0-0: Ball
1-0: Ball
2-0: Ball
3-0: Called Strike
3-1: Base on Balls
Batting: LHB Ramón Hernández 0-0: Ball
1-0: Ball
2-0: Ball
3-0: Foul Ball, location: 2F
3-1: Foul Ball, location: 2F
3-2: Foul Ball, location: 2F
3-2: Grounds into double play, U6-3 (Groundball, 6M)
Bottom of the 2nd over - 1 run(s), 2 hit(s), 1 error(s), 2 left on base; Tremont 2 - Ellenburg 1
TOP OF THE 3RD
Tremont Doubledays batting - Pitching for Ellenburg Fighting Dachsunds : RHP Carlos Ortíz
Batting: RHB Manuel Martínez 0-0: Ball
1-0: Ground out 1-3 (Groundball, 13S)
Batting: LHB Eric Ward 0-0: Called Strike
0-1: SINGLE (Line Drive, 89S)
Batting: RHB Cory Hansen 0-0: Called Strike
0-1: Swinging Strike
0-2: Strikes out swinging
Batting: RHB Quincy van Enk 0-0: Called Strike
0-1: Ball
Eric Ward steals 2nd base
1-1: SINGLE (Groundball, 6D)
Eric Ward to third
Runner from 3rd tries for Home, SAFE, no throw or cutoff
Batting: LHB Scott Britt 0-0: Foul Ball, location: 2F
0-1: Ball
1-1: Ball
2-1: DOUBLE (Flyball, 8RD)
Quincy van Enk to third
Batting: RHB Jim Unknown 0-0: Called Strike
0-1: Swinging Strike
0-2: Ball
1-2: Fly out, F4 (Popup, 4M)
Top of the 3rd over - 1 run(s), 3 hit(s), 0 error(s), 2 left on base; Tremont 3 - Ellenburg 1
BOTTOM OF THE 3RD
Ellenburg Fighting Dachsunds batting - Pitching for Tremont Doubledays : LHP Jim Unknown
Batting: LHB Iván Gonzáles 0-0: Ball
1-0: Ball
2-0: Called Strike
2-1: Ball
3-1: Foul Ball, location: 2F
3-2: Fly out, F2 (Popup, 2LF)
Batting: RHB Gerald Ambler 0-0: Ball
1-0: Called Strike
1-1: Ground out 5-3 (Groundball, 56S)
Batting: RHB Pablo Trujillo 0-0: Called Strike
0-1: Swinging Strike
0-2: Ball
1-2: SINGLE (Flyball, 89S)
Batting: SHB Virgil Eberle 0-0: Called Strike
0-1: Called Strike
0-2: Fielders Choice at 2nd, 6-4 (Groundball, 6)
Bottom of the 3rd over - 0 run(s), 1 hit(s), 0 error(s), 0 left on base; Tremont 3 - Ellenburg 1
TOP OF THE 4TH
Tremont Doubledays batting - Pitching for Ellenburg Fighting Dachsunds : RHP Carlos Ortíz
Batting: RHB Jim Unknown 0-0: Called Strike
0-1: Swinging Strike
0-2: Strikes out swinging
Batting: LHB Jim Unknown 0-0: Called Strike
0-1: Ball
1-1: Ball
2-1: Ball
3-1: Fly out, F5 (Popup, 56D)
Batting: RHB Thomas Campbell 0-0: Called Strike
0-1: Ball
1-1: Ball
2-1: Ball
3-1: Called Strike
3-2: Foul Ball, location: 2F
3-2: Foul Ball, location: 2F
3-2: Foul Ball, location: 2F
3-2: Foul Ball, location: 2F
3-2: Base on Balls
Batting: RHB Manuel Martínez 0-0: Swinging Strike
0-1: Ball
1-1: Ball
2-1: Foul Ball, location: 2F
2-2: Foul Ball, location: 2F
2-2: Fly out, F9 (Flyball, 89M)
Top of the 4th over - 0 run(s), 0 hit(s), 0 error(s), 1 left on base; Tremont 3 - Ellenburg 1
BOTTOM OF THE 4TH
Ellenburg Fighting Dachsunds batting - Pitching for Tremont Doubledays : LHP Jim Unknown
Batting: RHB Sherman Davis 0-0: Called Strike
0-1: Ball
1-1: Ball
2-1: Ball
3-1: Foul Ball, location: 2F
3-2: Foul Ball, location: 2F
3-2: Base on Balls
Batting: RHB Travis Lee 0-0: Ball
1-0: Ball
2-0: Ball
3-0: Base on Balls
Sherman Davis to second
Batting: RHB Victor Haley 0-0: Ball
1-0: Ball
2-0: Ball
3-0: Called Strike
3-1: Base on Balls
Sherman Davis to third
Travis Lee to second
Batting: RHB Brad Brown 0-0: Called Strike
0-1: Ball
1-1: Fly out, F7 (Flyball, 7D)
Runner from 3rd tags up, SCORES, no throw
Batting: LHB Ramón Hernández 0-0: Called Strike
0-1: Ball
1-1: Foul Ball, location: 2F
1-2: Ball
2-2: Ground out 4-3 (Groundball, 4M)
Travis Lee to third
Victor Haley to second
Batting: LHB Iván Gonzáles 0-0: Called Strike
0-1: Foul Ball, location: 2F
0-2: Ball
1-2: Foul Ball, location: 2F
1-2: Ball
2-2: Ball
3-2: Fly out, F5 (Popup, 5F)
Bottom of the 4th over - 1 run(s), 0 hit(s), 0 error(s), 2 left on base; Tremont 3 - Ellenburg 2
TOP OF THE 5TH
Tremont Doubledays batting - Pitching for Ellenburg Fighting Dachsunds : RHP Carlos Ortíz
Batting: LHB Eric Ward 0-0: Ball
1-0: Ball
2-0: Ball
3-0: Called Strike
3-1: Base on Balls
Batting: RHB Cory Hansen 0-0: Foul Ball, location: 2F
0-1: Ball
1-1: Ball
2-1: Ball
3-1: Base on Balls
Eric Ward to second
Batting: RHB Quincy van Enk 0-0: Ball
1-0: Fly out, F8 (Flyball, 8LD)
Runner from 2nd tags up, SAFE at 3rd, no throw
Batting: LHB Scott Britt 0-0: Ball
1-0: Ball
2-0: Called Strike
2-1: Fly out, F7 (Flyball, 7M)
Batting: RHB Jim Unknown 0-0: Ball
1-0: Swinging Strike
1-1: Ball
2-1: Fly out, F2 (Popup, 25F)
Top of the 5th over - 0 run(s), 0 hit(s), 0 error(s), 2 left on base; Tremont 3 - Ellenburg 2
BOTTOM OF THE 5TH
Ellenburg Fighting Dachsunds batting - Pitching for Tremont Doubledays : LHP Jim Unknown
Batting: RHB Gerald Ambler 0-0: Called Strike
0-1: SOLO HOME RUN (Flyball, 8LXD), Distance : 443 ft
Batting: RHB Pablo Trujillo 0-0: Ball
1-0: Swinging Strike
1-1: Ball
2-1: Foul Ball, location: 2F
2-2: Ball
3-2: Strikes out looking
Batting: SHB Virgil Eberle 0-0: Ball
1-0: Called Strike
1-1: Ball
2-1: Called Strike
2-2: Foul Ball, location: 2F
2-2: Ball
3-2: Fly out, F2 (Popup, 2LF)
Batting: RHB Sherman Davis 0-0: Foul Ball, location: 2F
0-1: Ground out 2-3 (Groundball, 2L)
Bottom of the 5th over - 1 run(s), 1 hit(s), 0 error(s), 0 left on base; Tremont 3 - Ellenburg 3
TOP OF THE 6TH
Tremont Doubledays batting - Pitching for Ellenburg Fighting Dachsunds : RHP Carlos Ortíz
Batting: RHB Jim Unknown 0-0: Called Strike
0-1: Called Strike
0-2: Fly out, F9 (Flyball, 89S)
Batting: LHB Jim Unknown 0-0: Swinging Strike
0-1: Swinging Strike
0-2: Ball
1-2: Ground out 4-3 (Groundball, 34)
Batting: RHB Thomas Campbell 0-0: Ball
1-0: Fly out, F9 (Flyball, 9M)
Top of the 6th over - 0 run(s), 0 hit(s), 0 error(s), 0 left on base; Tremont 3 - Ellenburg 3
BOTTOM OF THE 6TH
Ellenburg Fighting Dachsunds batting - Pitching for Tremont Doubledays : LHP Jim Unknown
Batting: RHB Travis Lee 0-0: Called Strike
0-1: Called Strike
0-2: Foul Ball, location: 2F
0-2: Ball
1-2: Ball
2-2: Fly out, F8 (Flyball, 8LS)
Batting: RHB Victor Haley 0-0: Ball
1-0: Called Strike
1-1: Ball
2-1: Ball
3-1: Base on Balls
Pitching: LHP Jim Unknown
Batting: RHB Brad Brown 0-0: Ball
1-0: Called Strike
1-1: Ball
2-1: Ball
3-1: Called Strike
3-2: Base on Balls
Victor Haley to second
Batting: LHB Ramón Hernández 0-0: Ball
1-0: Ball
2-0: Called Strike
2-1: Grounds into double play, U6-3 (Groundball, 6)
Bottom of the 6th over - 0 run(s), 0 hit(s), 0 error(s), 1 left on base; Tremont 3 - Ellenburg 3
TOP OF THE 7TH
Tremont Doubledays batting - Pitching for Ellenburg Fighting Dachsunds : RHP Carlos Ortíz
Batting: RHB Manuel Martínez 0-0: Ball
1-0: Ground out 1-3 (Groundball, 15)
Pitching: RHP Jim Unknown
Batting: LHB Eric Ward 0-0: Ball
1-0: Ball
2-0: Ball
3-0: Base on Balls
Batting: RHB Cory Hansen 0-0: Ball
1-0: Called Strike
1-1: Foul Ball, location: 2F
1-2: Foul Ball, location: 2F
1-2: Ball
2-2: Strikes out swinging
Batting: RHB Quincy van Enk 0-0: Ball
1-0: Called Strike
1-1: Ball
2-1: Ground out U3 (Groundball, 3S)
Top of the 7th over - 0 run(s), 0 hit(s), 0 error(s), 1 left on base; Tremont 3 - Ellenburg 3
BOTTOM OF THE 7TH
Ellenburg Fighting Dachsunds batting - Pitching for Tremont Doubledays : LHP Jim Unknown
Pinch Hitting: SHB Ken Osborne 0-0: Ball
1-0: Ball
2-0: Swinging Strike
2-1: Ball
3-1: Foul Ball, location: 2F
3-2: Base on Balls
Batting: RHB Gerald Ambler 0-0: Bunted foul
0-1: Ball
1-1: Ball
2-1: Sac Bunt - play at first, batter OUT! 5-4
Ken Osborne to second
Batting: RHB Pablo Trujillo 0-0: Fly out, F7 (Flyball, 7D)
Batting: SHB Virgil Eberle 0-0: Ball
1-0: Called Strike
1-1: Ball
2-1: Fly out, F7 (Flyball, 7M)
Bottom of the 7th over - 0 run(s), 0 hit(s), 0 error(s), 1 left on base; Tremont 3 - Ellenburg 3
TOP OF THE 8TH
Tremont Doubledays batting - Pitching for Ellenburg Fighting Dachsunds : RHP Jim Unknown
Now at 3B: José Bocanegra
Batting: LHB Scott Britt 0-0: Ball
1-0: Foul Ball, location: 2F
1-1: Ball
2-1: Ball
3-1: SINGLE (Groundball, 34D)
Batting: RHB Jim Unknown 0-0: Ball
1-0: Bunted foul
1-1: Bunted foul
1-2: Fly out, F8 (Flyball, 8RS)
Batting: RHB Jim Unknown 0-0: Ball
1-0: Foul Ball, location: 2F
1-1: Called Strike
1-2: Fielders Choice at 2nd, 2-6 (Groundball, 2R)
Batting: LHB Jim Unknown 0-0: Ground out 4-3 (Groundball, 34)
Top of the 8th over - 0 run(s), 1 hit(s), 0 error(s), 1 left on base; Tremont 3 - Ellenburg 3
BOTTOM OF THE 8TH
Ellenburg Fighting Dachsunds batting - Pitching for Tremont Doubledays : LHP Jim Unknown
Batting: RHB Sherman Davis 0-0: Fly out, F7 (Line Drive, 78D)
Batting: RHB Travis Lee 0-0: Ball
1-0: Ball
2-0: Ground out 4-3 (Groundball, 4)
Batting: RHB Victor Haley 0-0: Ball
1-0: Foul Ball, location: 2F
1-1: Fly out, F9 (Flyball, 89M)
Bottom of the 8th over - 0 run(s), 0 hit(s), 0 error(s), 0 left on base; Tremont 3 - Ellenburg 3
TOP OF THE 9TH
Tremont Doubledays batting - Pitching for Ellenburg Fighting Dachsunds : RHP Jim Unknown
Pitching: RHP Jim Unknown
Batting: RHB Thomas Campbell 0-0: Called Strike
0-1: Called Strike
0-2: Foul Ball, location: 2F
0-2: SINGLE (Groundball, 56D)
Batting: RHB Manuel Martínez 0-0: Ball
1-0: Sac Bunt - play at second, runner OUT! 1-6
Batting: LHB Eric Ward 0-0: Ball
1-0: Ball
2-0: Called Strike
2-1: Foul Ball, location: 2F
2-2: Strikes out looking
Batting: RHB Cory Hansen 0-0: Called Strike
0-1: Called Strike
0-2: Strikes out swinging
Top of the 9th over - 0 run(s), 1 hit(s), 0 error(s), 1 left on base; Tremont 3 - Ellenburg 3
BOTTOM OF THE 9TH
Ellenburg Fighting Dachsunds batting - Pitching for Tremont Doubledays : LHP Jim Unknown
Pitching: LHP António Hernández
Pinch Hitting: RHB Phil Johnston 0-0: Ball
1-0: Ball
2-0: Ball
3-0: Called Strike
3-1: Foul Ball, location: 2F
3-2: Ground out 3-1 (Groundball, 34)
Pinch Hitting: RHB Bernardo Márquez 0-0: Ball
1-0: DOUBLE (Line Drive, 3L)
Pinch Hitting: RHB Ingo van Ham 0-0: Called Strike
0-1: DOUBLE (Flyball, 8LXD)
Bernardo Márquez scores
This league is powered by Out of the Park Baseball, the baseball management simulation game for PC, Mac and Linux
Friday, April 15th, 2016 - OOTP Baseball 16.9 Build 39